 Dungeon Crawl Stone Soup version 0.13.0-18-g7b03ea5 (webtiles) character file.

395 Kejsarherre the Cudgeler (level 5, 0/49 HPs)
             Began as an Ogre Wanderer on Oct 23, 2013.
             Slain by an adder (2 damage)
             ... in the Ecumenical Temple.
             The game lasted 00:05:35 (3075 turns).

Kejsarherre the Cudgeler (Ogre Wanderer)            Turns: 3075, Time: 00:05:35

HP   0/49        AC  3     Str 18      XL: 5   Next: 92%
MP   5/5         EV 10     Int 10      God:
Gold 180         SH  0     Dex 10      Spells:  0 memorised,  4 levels left

Res.Fire  : . . .   See Invis. : .   a - +1 mace
Res.Cold  : . . .   Warding    : .   c - +0 robe
Life Prot.: . . .   Conserve   : .   (shield restricted)
Res.Poison: .       Res.Corr.  : .   (helmet restricted)
Res.Elec. : .       Clarity    : .   (no cloak)
Sust.Abil.: . .     Spirit.Shd : .   (gloves unavailable)
Res.Mut.  : .       Stasis     : .   (boots unavailable)
Res.Rott. : .       Flight     : .   (no amulet)
Saprovore : + . .                    (no ring)
                                     (no ring)

@: mildly poisoned, slightly resistant to hostile enchantments, unstealthy
A: unfitting armour, fast metabolism 1, saprovore 1, tough skin 1
a: no special abilities


You were in the Ecumenical Temple.
You were hungry.

You visited 2 branches of the dungeon, and saw 5 of its levels.

You collected 130 gold pieces.

Inventory:

Hand weapons
 a - a +1,+1 mace (weapon)
 b - a -1,+1 orcish flail
 r - a +2 orcish blowgun
Missiles
 s - 12 poisoned needles
Armour
 c - a +0 robe (worn)
Comestibles
 d - 3 meat rations
 j - 3 bread rations
 l - a sausage
 n - a choko
 p - 2 rotting chunks of orc flesh
 t - a banana
 u - a chunk of goblin flesh
Scrolls
 f - 2 scrolls of curse jewellery {unknown}
 g - a scroll of random uselessness {unknown}
 h - a scroll of amnesia {unknown}
 i - 2 scrolls of identify {unknown}
 k - 2 scrolls of fear {unknown}
 m - a scroll of magic mapping {unknown}
 o - 2 scrolls of blinking {unknown}
 q - a scroll of curse armour {unknown}


   Skills:
 - Level 4.0 Fighting
   Level 1.0 Short Blades
 + Level 7.9 Maces & Flails
 - Level 1.7 Dodging
 - Level 1.0 Stealth
   Level 1.0 Evocations


You had 4 spell levels left.
You didn't know any spells.

Dungeon Overview and Level Annotations

Branches:
Dungeon (4/27)             Temple (1/1) D:4

Altars:
Yredelemnul


Innate Abilities, Weirdness & Mutations

You are too large for most types of armour.
You have a fast metabolism.
You can tolerate rotten meat.
You have tough skin (AC +1).


Message History

The adder is heavily wounded.
The adder barely misses you.
You hit the adder.
The adder is almost dead.
The adder bites you but does no damage.
You barely miss the adder.
The adder is almost dead.
The adder closely misses you.
You closely miss the adder.
The adder is almost dead.
The adder misses you.
You barely miss the adder.
The adder is almost dead.
The adder bites you.
* * * LOW HITPOINT WARNING * * *
The adder bites you but does no damage.
You completely miss the adder.
The adder is almost dead.
The adder bites you.
You die...

#######
#.....#
#..)..#
#..@S.#
#.....#
#......#
#####...#
#....
#... ..


You could see an adder.

Vanquished Creatures
  2 orc wizards
  A worker ant (D:3)
  Terence (D:2)
  4 adders
  A giant mite (D:1)
  2 worms (D:3)
  A giant gecko (D:3)
  3 oozes
  8 orcs (D:3)
  A bat zombie (D:3)
  3 giant cockroaches
  4 goblins
  5 hobgoblins
  4 jackals
  2 quokkas
  9 bats
  3 giant newts
  6 kobolds
  A kobold skeleton (D:3)
  4 rats
65 creatures vanquished.

Notes
Turn   | Place    | Note
--------------------------------------------------------------
     0 | D:1      | Kejsarherre, the Ogre Wanderer, began the quest for the Orb.
     0 | D:1      | Reached XP level 1. HP: 18/18 MP: 1/1
   175 | D:1      | Reached XP level 2. HP: 15/27 MP: 2/2
   399 | D:1      | Reached XP level 3. HP: 24/33 MP: 3/3
  1135 | D:2      | Noticed Terence
  1141 | D:2      | Paralysed by a potion of paralysis for 6 turns
  1170 | D:2      | Killed Terence
  1170 | D:2      | Reached skill level 5 in Maces & Flails
  1378 | D:2      | Reached XP level 4. HP: 36/42 MP: 4/4
  1552 | D:2      | Found a basalt altar of Yredelemnul.
  1836 | D:3      | Reached skill level 6 in Maces & Flails
  2126 | D:3      | Reached XP level 5. HP: 15/49 MP: 5/5
  2501 | D:3      | Reached skill level 7 in Maces & Flails
  3019 | D:4      | Found a staircase to the Ecumenical Temple.
  3065 | Temple   | Entered the Ecumenical Temple
  3074 | Temple   | HP: 2/49 [adder (2)]
  3075 | Temple   | Slain by an adder

Action                   |  1- 3 |  4- 6 || total
-------------------------+-------+-------++-------
Melee: Mace              |    82 |   110 ||   192
       Flail             |       |    31 ||    31
 Fire: Blowgun           |       |    19 ||    19
  Use: Potion            |     5 |     2 ||     7
